 Dungeon Crawl Stone Soup version 0.20-a0-351-gc9b4002 (webtiles) character file.

144 yesno the Chiller (level 5, -2/31 HPs)
             Began as an Octopode Ice Elementalist on Dec 26, 2016.
             Killed by divine providence
             ... invoked by an orc priest
              (16 damage)
             ... on level 5 of the Dungeon.
             The game lasted 00:15:38 (2626 turns).

yesno the Chiller (Octopode Ice Elementalist)       Turns: 2626, Time: 00:15:38

Health: -2/31      AC:  1    Str:  7    XL:     5   Next: 27%
Magic:  3/8        EV: 13    Int: 18    God:
Gold:   214        SH:  0    Dex: 13    Spells: 4/8 levels left

rFire  . . .     SeeInvis .     g - +1 trident (pain)
rCold  . . .     Gourm    .     (no shield)
rNeg   . . .     Faith    .     (helmet restricted)
rPois  .         Spirit   .     (no amulet)
rElec  .         Reflect  .     (no ring)
rCorr  .         Harm     .     (no ring)
MR     .....                    (no ring)
Stlth  ++++......               (no ring)
                                (no ring)
                                (no ring)
                                (no ring)
                                (no ring)

@: very slightly contaminated, hasted, very quick
A: almost no armour, stealthy swim, amphibious, 8 rings, constrict 8, camouflage
1, gelatinous body 1
a: no special abilities


You were on level 5 of the Dungeon.
You were hungry.

You visited 1 branch of the dungeon, and saw 5 of its levels.

You collected 214 gold pieces.

Inventory:

Hand Weapons
 e - a +0 mace
 g - a +1 trident of pain (weapon)
Jewellery
 f - an uncursed amulet of faith {unknown}
 k - a +2 amulet of reflection {unknown}
 m - an uncursed amulet of guardian spirit {unknown}
 o - an uncursed ring of poison resistance {unknown}
 q - a cursed -4 ring of protection {unknown}
 r - an uncursed ring of ice {unknown}
Wands
 u - a wand of lightning (4/15)
Scrolls
 h - 2 scrolls of amnesia
 j - a scroll of noise {unknown}
 p - 2 scrolls of remove curse {unknown}
 s - a scroll of fear {unknown}
Potions
 d - a potion of brilliance
 n - a potion of curing
 v - a potion of resistance
 w - a potion of lignification {unknown}
Books
 a - a book of Frost

   Spells                             Type                      Level
   a - Freeze                         Ice                          1
   b - Throw Frost                    Conjuration/Ice              2
   c - Ozocubu's Armour               Charms/Ice                   3
   d - Throw Icicle                   Conjuration/Ice              4
   e - Summon Ice Beast               Ice/Summoning                4
 c - a book of Maledictions

   Spells                             Type                      Level
   a - Corona                         Hexes                        1
   b - Ensorcelled Hibernation        Hexes/Ice                    2
   c - Confuse                        Hexes                        3
   d - Tukima's Dance                 Hexes                        3
   e - Dazzling Spray                 Conjuration/Hexes            3
Comestibles
 b - 4 bread rations
 l - 3 meat rations


   Skills:
 - Level 2.0 Dodging
 - Level 4.7 Stealth
 - Level 2.0 Spellcasting
   Level 1.0 Conjurations
 + Level 5.0 Ice Magic


You had 4 spell levels left.
You knew the following spells:

 Your Spells              Type           Power        Failure   Level  Hunger
a - Freeze                Ice            ###.         1%          1    #......
b - Ozocubu's Armour      Chrm/Ice       ##......     21%         3    ###....


Dungeon Overview and Level Annotations

Branches:
Dungeon (5/15)
 Temple: D:4-7

Altars:

Annotations:
D:1 exclusion: 3 jackals
D:2 exclusions: hobgoblin, kobold and worm
D:3 exclusion: orc, Grinder, Sigmund
D:4 exclusions: door, hound and skeleton
D:5 exclusions: centaur and orc


Innate Abilities, Weirdness & Mutations

You cannot wear most types of armour.
You are very stealthy in the water. (Stealth+)
You are amphibious.
You can wear up to eight rings at the same time.
You can use your tentacles to constrict eight enemies at once.
Your skin changes colour to match your surroundings (Stealth+).
Your rubbery body absorbs attacks. (AC +1, EV +1)


Message History

You feel agile.
The orc priest invokes the aid of Beogh against you.
Beogh smites you!
You hear a shout!
You take 8 damage, and have 14/31 hp.
MASSIVE DAMAGE!!
You now have 3/8 mp.
You are too injured to fight recklessly!
Attack whom?
Press: ? - help, Dir - move target cursor, f - orc priest
Aim: an orc priest You reach to attack!
You hit the orc priest.
The orc priest is heavily wounded.
Attack whom?
Press: ? - help, Dir - move target cursor, f/p - orc priest
Aim: an orc priest (heavily wounded)
You reach to attack!
You hit the orc priest.
The orc priest is heavily wounded.
The orc priest invokes the aid of Beogh against you.
Beogh smites you!
Ouch! That really hurt!
You die...

##+#### ....... .......
....!.o
......)#+##########
#@..........###
#.#########...#
#.........###.####
.o.......#####<.##.....
....##..... #..........
o.# #.....##.#.#####..
. #........#.## #..
##..######..# #.. #..#
##.# #..


You could see an orc priest.

Vanquished Creatures
  A centaur (D:5)
  An adder (D:3)
  A shadow imp (D:5)
  2 dart slugs
  3 orcs
  3 giant cockroaches
  4 goblins (D:2)
  4 hobgoblins
  3 bats
  8 frilled lizards
  3 kobolds (D:1)
  12 rats
45 creatures vanquished.

Notes
Turn   | Place    | Note
-------+----------+-------------------------------------------
     0 | D:1      | yesno the Octopode Ice Elementalist began the quest for the Orb.
     0 | D:1      | Reached XP level 1. HP: 11/11 MP: 3/3
   264 | D:1      | Reached XP level 2. HP: 12/17 MP: 5/5
  1034 | D:2      | Reached XP level 3. HP: 21/21 MP: 4/6
  1563 | D:3      | Noticed Sigmund
  1778 | D:3      | Noticed Grinder
  1990 | D:4      | Learned a level 3 spell: Ozocubu's Armour
  2384 | D:4      | Noticed an ogre
  2399 | D:5      | Entered Level 5 of the Dungeon
  2419 | D:5      | Noticed a centaur
  2491 | D:5      | Reached XP level 4. HP: 27/27 MP: 4/7
  2606 | D:5      | Reached skill level 4 in Ice Magic
  2624 | D:5      | Killed a centaur
  2624 | D:5      | Reached skill level 5 in Ice Magic
  2624 | D:5      | Reached XP level 5. HP: 26/31 MP: 3/8
  2626 | D:5      | Killed from afar by an orc priest

Vault maps used:
D:1:      minmay_arrival_split_and_join
D:2:      first_bread
D:3:      kennysheep_big_flooded_room, uniq_sigmund, uniq_grinder
D:5:      serial_co_window_serial, co_window_paths_a, co_window_paths_a,
          co_window_cross_1, co_window_of_opportunity_a,
          co_window_of_opportunity_a, co_window_corner_b, co_window_2corner,
          co_window_of_opportunity_c, co_window_unsneaky_path_e,
          co_window_corner_b, glass_columns_b, glass_columns_a, glass_columns_b,
          glass_columns_b

Skill      XL: |  1  2  3  4 |
---------------+-------------+-----
Stealth        | 3 4 |  4.7
Ice Magic      | 5 |  5.0
Dodging        | |  2.0
Spellcasting   | |  2.0
Conjurations   | |  1.0

Action                   |  1- 3 |  4- 6 || total
-------------------------+-------+-------++-------
Melee: Unarmed           |     6 |       ||     6
       Trident           |    76 |     5 ||    81
       Tentacles         |     4 |       ||     4
       Constrict         |    10 |       ||    10
 Cast: Freeze            |    16 |     5 ||    21
  Use: Scroll            |     5 |     2 ||     7
       Potion            |     1 |     1 ||     2
 Stab: Sleeping          |    17 |     1 ||    18
  Eat: Meat ration       |     1 |       ||     1
Armor: Skin              |     6 |     1 ||     7
Dodge: Dodged            |    18 |     2 ||    20
